[Event "23rd European Women Club Cup 2018"]
[Site "Halkidiki"]
[Date "2018.10.14"]
[Round "3"]
[White "Javakhishvili, Lela"]
[Black "Girya, Olga"]
[Result "1-0"]
[ECO "A28"]
[WhiteElo "2475"]
[BlackElo "2479"]
[Annotator "ChessBase"]
[PlyCount "65"]
[EventDate "2018.10.12"]
[EventType "team-tourn"]
[EventCountry "GRE"]
[SourceTitle "playchess.com"]
[Source "ChessBase"]
[SourceQuality "1"]
[WhiteTeam "Nona"]
[BlackTeam "Ugra"]
[TimeControl "40/5400+30:1800+30"]

1. c4 Nf6 2. Nc3 e5 3. Nf3 Nc6 4. e3 Bb4 5. Qc2 Bxc3 6. bxc3 e4 7. Nd4 d6 8. Be2 O-O 9. f3 Qe7 10. O-O Bd7 11. fxe4 Nxe4 12. d3 Nc5 13. Nf5 Bxf5 14. Rxf5 Rae8 15. Bd2 Qd7 16. Raf1 Ne7 17. R5f2 Ng6 18. e4 a6 19. Be3 Qc6 20. Rf5 Ne7 21. R5f3 Ng6 22. Rh3 b5 23. cxb5 axb5 24. Rf5 Na4 25. Bf1 Qxc3 26. Qe2 c6 27. Qh5 h6 28. d4 Qa1 29. e5 Re6 30. Bxh6 Nh4 31. Bxg7 Qxd4+ 32. Kh1 Kxg7 33. Rxh4 1-0

[Event "23rd European Women Club Cup 2018"]
[Site "Halkidiki"]
[Date "2018.10.14"]
[Round "3"]
[White "Gaponenko, Inna"]
[Black "Kumanska, Olena"]
[Result "1-0"]
[ECO "B40"]
[WhiteElo "2409"]
[BlackElo "2054"]
[Annotator "NA"]
[PlyCount "87"]
[EventDate "2018.10.12"]
[EventType "team-tourn"]
[EventCountry "GRE"]
[SourceTitle "playchess.com"]
[Source "ChessBase"]
[SourceQuality "1"]
[WhiteTeam "Kyiv"]
[BlackTeam "Beer Sheva"]
[TimeControl "40/5400+30:1800+30"]

1. e4 c5 2. Nf3 e6 3. c3 a6 4. d4 cxd4 5. cxd4 d6 6. Nc3 Be7 7. Bd3 Nf6 8. O-O b5 9. a3 Bb7 10. Re1 Nbd7 11. Qe2 e5 12. Bd2 O-O 13. Rad1 Re8 14. Bc1 Qc7 15. Bb1 Nb6 16. h3 Rac8 17. Nh4 Bf8 18. dxe5 dxe5 19. Qf3 Nc4 20. Nd5 Nxd5 21. exd5 g6 22. g4 Bg7 23. Ng2 Qd6 24. Ne3 Nxe3 25. Bxe3 Red8 26. Be4 b4 27. Bg5 Rf8 28. axb4 h6 29. Bc1 Rcd8 30. Qb3 Kh8 31. Be3 Qf6 32. Bc5 Rg8 33. d6 Bxe4 34. Rxe4 Rd7 35. Re3 h5 36. Qa4 Qe6 37. Qb3 Qf6 38. Rf3 Qg5 39. Rxf7 Rxf7 40. Qxf7 hxg4 41. h4 Qxh4 42. d7 g3 43. Qxg8+ Kxg8 44. d8=Q+ 1-0

[Event "23rd European Women Club Cup 2018"]
[Site "Halkidiki"]
[Date "2018.10.14"]
[Round "3"]
[White "Nechaeva, Marina"]
[Black "Khotenashvili, Bela"]
[Result "1/2-1/2"]
[ECO "A56"]
[WhiteElo "2409"]
[BlackElo "2469"]
[Annotator "ChessBase"]
[PlyCount "85"]
[EventDate "2018.10.12"]
[EventType "team-tourn"]
[EventCountry "GRE"]
[SourceTitle "playchess.com"]
[Source "ChessBase"]
[SourceQuality "1"]
[WhiteTeam "Ugra"]
[BlackTeam "Nona"]
[TimeControl "40/5400+30:1800+30"]

1. d4 Nf6 2. c4 c5 3. d5 g6 4. Nc3 Bg7 5. e4 d6 6. Bd3 O-O 7. h3 e6 8. Nf3 exd5 9. cxd5 Re8 10. O-O Nbd7 11. Re1 Ne5 12. Nxe5 Rxe5 13. Bf4 Nh5 14. Bxe5 Bxe5 15. Re3 Qg5 16. Bf1 Nf4 17. Rg3 Qh6 18. Qa4 Kg7 19. Qa5 Qh4 20. Re1 Qe7 21. Nd1 h5 22. Kh1 h4 23. Rf3 b6 24. Qd2 Qg5 25. Ne3 b5 26. g3 hxg3 27. fxg3 Nxh3 28. Bxh3 Qh6 29. Nf5+ gxf5 30. Qxh6+ Kxh6 31. Bxf5 Bxf5 32. Rxf5 Kg6 33. Kg2 b4 34. b3 a5 35. Rh1 a4 36. Rh4 Kg7 37. Rf3 axb3 38. axb3 Rc8 39. Rh1 Rc7 40. Rhf1 Kg6 41. R1f2 Ra7 42. Rc2 Ra3 43. Kf2 1/2-1/2

[Event "23rd European Women Club Cup 2018"]
[Site "Halkidiki"]
[Date "2018.10.14"]
[Round "3"]
[White "Ovod, Evgenija"]
[Black "Mamedjarova, Zeinab"]
[Result "1-0"]
[ECO "C42"]
[WhiteElo "2363"]
[BlackElo "2358"]
[Annotator "NA"]
[PlyCount "117"]
[EventDate "2018.10.12"]
[EventType "team-tourn"]
[EventCountry "GRE"]
[SourceTitle "playchess.com"]
[Source "ChessBase"]
[SourceQuality "1"]
[WhiteTeam "SSHOR"]
[BlackTeam "Odlar Yurdu"]
[TimeControl "40/5400+30:1800+30"]

1. e4 e5 2. Nf3 Nf6 3. Nxe5 d6 4. Nf3 Nxe4 5. Nc3 Nxc3 6. dxc3 Be7 7. Be3 Nc6 8. Qd2 Be6 9. O-O-O Qd7 10. a3 h6 11. Nd4 Nxd4 12. Bxd4 O-O 13. c4 Rfe8 14. Qc3 Bf8 15. Rg1 Qe7 16. g4 c5 17. Be3 b5 18. g5 h5 19. g6 Bg4 20. gxf7+ Qxf7 21. Rxg4 hxg4 22. Bg2 Kh8 23. Bxa8 Rxa8 24. cxb5 Rb8 25. a4 Be7 26. b3 Qe6 27. Qc4 Qg6 28. Kb1 Re8 29. Rg1 Bf6 30. Qxg4 Qf7 31. Qg6 Qe6 32. Bg5 Bd4 33. Qxe6 Rxe6 34. Be3 Be5 35. c4 Kg8 36. h4 Kf7 37. Kc2 Re8 38. a5 Bf6 39. h5 Rh8 40. Rh1 Ke6 41. b4 Rc8 42. bxc5 dxc5 43. b6 axb6 44. axb6 Be5 45. b7 Rb8 46. Rb1 Rh8 47. Bxc5 Bb8 48. Be3 Kd7 49. Rb5 Kc6 50. Rb6+ Kd7 51. Rg6 Rxh5 52. c5 Rf5 53. c6+ Kc7 54. Kd3 Rf7 55. Ke4 Re7+ 56. Kd5 Rf7 57. Bd4 Rf5+ 58. Ke4 Rf7 59. Be5+ 1-0

[Event "23rd European Women Club Cup 2018"]
[Site "Halkidiki"]
[Date "2018.10.14"]
[Round "3"]
[White "Balajayeva, Khanim"]
[Black "Belenkaya, Dina"]
[Result "1-0"]
[ECO "B13"]
[WhiteElo "2326"]
[BlackElo "2329"]
[Annotator "NA"]
[PlyCount "53"]
[EventDate "2018.10.12"]
[EventType "team-tourn"]
[EventCountry "GRE"]
[SourceTitle "playchess.com"]
[Source "ChessBase"]
[SourceQuality "1"]
[WhiteTeam "Odlar Yurdu"]
[BlackTeam "SSHOR"]
[TimeControl "40/5400+30:1800+30"]

1. e4 c6 2. d4 d5 3. exd5 cxd5 4. c4 Nf6 5. Nc3 Nc6 6. Bg5 dxc4 7. d5 Ne5 8. Qd4 h6 9. Bf4 Ng6 10. Bxc4 Nxf4 11. Qxf4 g5 12. Qe3 Bg7 13. Nf3 Qb6 14. Qxb6 axb6 15. O-O Bf5 16. Rfe1 Nd7 17. Bb5 Kd8 18. Rad1 Bg4 19. Re3 Rf8 20. d6 e6 21. Na4 Nc5 22. Nxb6 Ra5 23. a4 Bxb2 24. Nc4 Rxb5 25. axb5 Bg7 26. Ra3 e5 27. Nb6 1-0

[Event "23rd European Women Club Cup 2018"]
[Site "Halkidiki"]
[Date "2018.10.14"]
[Round "3"]
[White "Heinemann, Josefine"]
[Black "Grapsa, Georgia"]
[Result "1/2-1/2"]
[ECO "B90"]
[WhiteElo "2308"]
[BlackElo "2085"]
[Annotator "NA"]
[PlyCount "91"]
[EventDate "2018.10.12"]
[EventType "team-tourn"]
[EventCountry "GRE"]
[SourceTitle "playchess.com"]
[Source "ChessBase"]
[SourceQuality "1"]
[WhiteTeam "Mulhouse"]
[BlackTeam "Thessaloniki"]
[TimeControl "40/5400+30:1800+30"]

1. e4 c5 2. Nf3 d6 3. d4 Nf6 4. Nc3 cxd4 5. Nxd4 a6 6. Be3 e5 7. Nb3 Be6 8. f3 Nbd7 9. Qd2 b5 10. O-O-O Rc8 11. g4 Nb6 12. Qf2 Nfd7 13. Kb1 Qc7 14. Nd5 Bxd5 15. exd5 Nc4 16. Bxc4 bxc4 17. Nc1 Be7 18. Ne2 O-O 19. Nc3 f5 20. gxf5 Rxf5 21. Qg2 Rcf8 22. Rdg1 R8f7 23. Bh6 g6 24. h4 Rh5 25. Bg5 Nb6 26. Qg4 Bxg5 27. hxg5 Rxh1 28. Rxh1 Rf5 29. Qh3 Qe7 30. Ne4 Nxd5 31. Rd1 Qe6 32. b3 Nf4 33. Qf1 d5 34. Nf6+ Kg7 35. bxc4 Qb6+ 36. Ka1 Rxg5 37. Nxd5 Qa5 38. Qe1 Qxe1 39. Rxe1 Ne6 40. Kb2 Nd4 41. f4 exf4 42. Nxf4 Rf5 43. Re4 Nc6 44. Ne6+ Kf7 45. Nc7 a5 46. Nb5 1/2-1/2

[Event "23rd European Women Club Cup 2018"]
[Site "Halkidiki"]
[Date "2018.10.14"]
[Round "3"]
[White "Brunello, Marina"]
[Black "Andolfatto, Maria"]
[Result "1-0"]
[ECO "C50"]
[WhiteElo "2294"]
[BlackElo "2068"]
[Annotator "NA"]
[PlyCount "123"]
[EventDate "2018.10.12"]
[EventType "team-tourn"]
[EventCountry "GRE"]
[SourceTitle "playchess.com"]
[Source "ChessBase"]
[SourceQuality "1"]
[WhiteTeam "Pentole Agnelli"]
[BlackTeam "Banca Alpi Marittime"]
[TimeControl "40/5400+30:1800+30"]

1. e4 e5 2. Bc4 Nf6 3. d3 Nc6 4. Nf3 Bc5 5. O-O d6 6. c3 h6 7. a4 a5 8. Qe2 O-O 9. h3 Bb6 10. Na3 Ne7 11. Nh4 c6 12. Ba2 Qc7 13. Nc4 Ba7 14. Kh1 b5 15. axb5 cxb5 16. Ne3 Be6 17. Qf3 Rad8 18. Nef5 Nxf5 19. Nxf5 Bxf5 20. Qxf5 Nh7 21. f4 Qe7 22. Bd5 Bb6 23. fxe5 dxe5 24. c4 Rd6 25. Bd2 b4 26. Qf3 Nf6 27. Be3 Qa7 28. Bxb6 Qxb6 29. Qf2 Qxf2 30. Rxf2 Ra6 31. b3 Nd7 32. Rfa2 Nc5 33. Rxa5 Rxa5 34. Rxa5 Nxd3 35. c5 Rc8 36. c6 Kh7 37. Ra7 f6 38. Rb7 Kg6 39. Kg1 f5 40. exf5+ Kxf5 41. Rxg7 Nf4 42. Bf3 Ne6 43. Rb7 e4 44. Bg4+ Ke5 45. Rxb4 Rxc6 46. Rxe4+ Kxe4 47. Bf3+ Kf4 48. Bxc6 Nd4 49. Bd5 Kg3 50. b4 h5 51. Bc4 h4 52. b5 Nf5 53. b6 Nd6 54. Bd5 Kf4 55. b7 Nxb7 56. Bxb7 Kg3 57. Kf1 Kf4 58. Ke2 Kf5 59. Kf3 Kg5 60. Be4 Kh5 61. Kf4 Kh6 62. Kg4 1-0

[Event "23rd European Women Club Cup 2018"]
[Site "Halkidiki"]
[Date "2018.10.14"]
[Round "3"]
[White "Semenova, Elena"]
[Black "Fataliyeva, Ulviyya"]
[Result "1-0"]
[ECO "C03"]
[WhiteElo "2263"]
[BlackElo "2320"]
[Annotator "NA"]
[PlyCount "127"]
[EventDate "2018.10.12"]
[EventType "team-tourn"]
[EventCountry "GRE"]
[SourceTitle "playchess.com"]
[Source "ChessBase"]
[SourceQuality "1"]
[WhiteTeam "SSHOR"]
[BlackTeam "Odlar Yurdu"]
[TimeControl "40/5400+30:1800+30"]

1. e4 e6 2. d4 d5 3. Nd2 a6 4. Ngf3 c5 5. exd5 exd5 6. dxc5 Bxc5 7. Bd3 Nf6 8. Nb3 Bb6 9. Qe2+ Be6 10. Nbd4 Qe7 11. O-O O-O 12. Bf4 Nc6 13. c3 Rfe8 14. Rfe1 Nxd4 15. Nxd4 Bxd4 16. cxd4 Qd7 17. Qc2 Rac8 18. Qb1 h6 19. h3 Qa4 20. Qd1 Qd7 21. Re5 Nh7 22. Qh5 f6 23. Re3 Bf7 24. Qf5 Qxf5 25. Rxe8+ Rxe8 26. Bxf5 Nf8 27. Rc1 Be6 28. g4 g6 29. Bd3 g5 30. Bd6 Rc8 31. Re1 Rc6 32. Bc5 Nd7 33. b4 Nxc5 34. bxc5 Kf7 35. Rb1 Rc7 36. Bf5 Bd7 37. Bxd7 Rxd7 38. Rb6 Kg6 39. f3 Kg7 40. Kf2 Kf7 41. a4 Kg7 42. a5 Kf7 43. Kg3 Kg6 44. h4 gxh4+ 45. Kxh4 Kf7 46. f4 Re7 47. f5 Re4 48. Rxb7+ Ke8 49. Rb4 Kd7 50. Kh5 Kc7 51. Kg6 Rxg4+ 52. Kxf6 h5 53. Ke5 h4 54. Rb6 Rg1 55. Rh6 Rh1 56. Kxd5 h3 57. Rh7+ Kb8 58. Kc6 h2 59. d5 Rf1 60. Rxh2 Rxf5 61. d6 Rf6 62. Rh8+ Ka7 63. Rh7+ Kb8 64. Kb6 1-0

[Event "23rd European Women Club Cup 2018"]
[Site "Halkidiki"]
[Date "2018.10.14"]
[Round "3"]
[White "De Rosa, Mariagrazia"]
[Black "Paehtz, Elisabeth"]
[Result "0-1"]
[ECO "C00"]
[WhiteElo "2131"]
[BlackElo "2513"]
[Annotator "ChessBase"]
[PlyCount "50"]
[EventDate "2018.10.12"]
[EventType "team-tourn"]
[EventCountry "GRE"]
[SourceTitle "playchess.com"]
[Source "ChessBase"]
[SourceQuality "1"]
[WhiteTeam "Banca Alpi Marittime"]
[BlackTeam "Pentole Agnelli"]
[TimeControl "40/5400+30:1800+30"]

1. e4 e6 2. f4 d5 3. e5 c5 4. Nf3 Nc6 5. c3 Nh6 6. Bd3 c4 7. Bc2 Bc5 8. Qe2 a6 9. h3 Nf5 10. Bxf5 exf5 11. d4 cxd3 12. Qxd3 d4 13. cxd4 Nxd4 14. Nxd4 Bxd4 15. Nc3 Be6 16. Be3 Qh4+ 17. Kd2 Rd8 18. Bxd4 Qxf4+ 19. Kc2 Rxd4 20. Ne2 Rc4+ 21. Kd1 Qxe5 22. Rc1 Re4 23. Rc2 O-O 24. Rf1 Re3 25. Qd2 Bxa2 0-1

[Event "23rd European Women Club Cup 2018"]
[Site "Halkidiki"]
[Date "2018.10.14"]
[Round "3"]
[White "Richard, Emma"]
[Black "Tsivelekidou, Anthoula Elpida"]
[Result "1-0"]
[ECO "C10"]
[WhiteElo "2127"]
[BlackElo "1147"]
[Annotator "NA"]
[PlyCount "63"]
[EventDate "2018.10.12"]
[EventType "team-tourn"]
[EventCountry "GRE"]
[SourceTitle "playchess.com"]
[Source "ChessBase"]
[SourceQuality "1"]
[WhiteTeam "Mulhouse"]
[BlackTeam "Thessaloniki"]
[TimeControl "40/5400+30:1800+30"]

1. e4 e6 2. d4 d5 3. Nd2 dxe4 4. Nxe4 Bd7 5. Nf3 Bc6 6. Bd3 Nd7 7. O-O Ngf6 8. Ng3 Bxf3 9. Qxf3 c6 10. c3 Bd6 11. Re1 O-O 12. Bg5 Qc7 13. Ne4 Bxh2+ 14. Kh1 Nxe4 15. Qxe4 g6 16. f4 Bg3 17. Re3 Bf2 18. Rf3 Bxd4 19. cxd4 Qb6 20. b3 Qb4 21. Rc1 a5 22. Rh3 Rfe8 23. Rc4 Qa3 24. Rc2 a4 25. Bc4 Qd6 26. bxa4 Rxa4 27. f5 Raa8 28. fxg6 fxg6 29. Rf2 c5 30. Rxh7 Kxh7 31. Rf7+ Kh8 32. Qh4+ 1-0

[Event "23rd European Women Club Cup 2018"]
[Site "Halkidiki"]
[Date "2018.10.14"]
[Round "3"]
[White "Mar, Karmen"]
[Black "Socko, Monika"]
[Result "0-1"]
[ECO "B17"]
[WhiteElo "2107"]
[BlackElo "2451"]
[Annotator "ChessBase"]
[PlyCount "112"]
[EventDate "2018.10.12"]
[EventType "team-tourn"]
[EventCountry "GRE"]
[SourceTitle "playchess.com"]
[Source "ChessBase"]
[SourceQuality "1"]
[WhiteTeam "Maribor"]
[BlackTeam "Monte-Carlo"]
[TimeControl "40/5400+30:1800+30"]

1. e4 c6 2. d4 d5 3. Nc3 dxe4 4. Nxe4 Nd7 5. Nf3 Ngf6 6. Neg5 e6 7. Bd3 Bd6 8. Qe2 h6 9. Ne4 Nxe4 10. Qxe4 Qc7 11. Bd2 c5 12. dxc5 Nxc5 13. Bb5+ Bd7 14. Bxd7+ Qxd7 15. Qe2 O-O 16. O-O Qa4 17. Bc3 Rfd8 18. Rfe1 Rac8 19. Rad1 Bf8 20. b3 Qa6 21. Qxa6 Nxa6 22. Rxd8 Rxd8 23. Bd2 Nb4 24. Bxb4 Bxb4 25. Rc1 Bc3 26. Ne1 Rc8 27. Kf1 Bd2 28. Rd1 Bxe1 29. Kxe1 Rxc2 30. Rd8+ Kh7 31. Rd7 Rxa2 32. Rxb7 Kg6 33. g3 Kf6 34. h4 h5 35. Kf1 g6 36. Kg2 e5 37. Kf3 Ke6 38. b4 Ra3+ 39. Kg2 e4 40. Rb5 Ra2 41. Kg1 f6 42. Kf1 Kd6 43. Rb7 Ke5 44. Re7+ Kf5 45. Rf7 a6 46. Kg1 Rb2 47. Ra7 e3 48. fxe3 Kg4 49. Rxa6 Kxg3 50. Rxf6 Rb1+ 51. Rf1 Rxb4 52. Re1 Rg4 53. Kf1 Kf3 54. Re2 Rxh4 55. Rf2+ Kxe3 56. Rf6 Rf4+ 0-1

[Event "23rd European Women Club Cup 2018"]
[Site "Halkidiki"]
[Date "2018.10.14"]
[Round "3"]
[White "Buzukashvili, Sofia"]
[Black "Babiy, Olga"]
[Result "0-1"]
[ECO "E32"]
[WhiteElo "1936"]
[BlackElo "2310"]
[Annotator "NA"]
[PlyCount "46"]
[EventDate "2018.10.12"]
[EventType "team-tourn"]
[EventCountry "GRE"]
[SourceTitle "playchess.com"]
[Source "ChessBase"]
[SourceQuality "1"]
[WhiteTeam "Beer Sheva"]
[BlackTeam "Kyiv"]
[TimeControl "40/5400+30:1800+30"]

1. d4 Nf6 2. c4 e6 3. Nc3 Bb4 4. Qc2 O-O 5. a3 Bxc3+ 6. Qxc3 d6 7. Nf3 b6 8. e3 Bb7 9. Be2 Nbd7 10. O-O Ne4 11. Qc2 f5 12. b3 Rf6 13. Rd1 c5 14. d5 Rh6 15. Bb2 e5 16. Bd3 Ndf6 17. Ne1 Ng4 18. Bxe4 fxe4 19. Qxe4 Qh4 20. Nd3 Qxh2+ 21. Kf1 Nf6 22. Qf5 Bc8 23. Qg5 Rg6 0-1

[Event "23rd European Women Club Cup 2018"]
[Site "Halkidiki"]
[Date "2018.10.14"]
[Round "3"]
[White "Petraki, Evaggelia"]
[Black "Haussernot, Cecile"]
[Result "0-1"]
[ECO "B90"]
[WhiteElo "1769"]
[BlackElo "2204"]
[Annotator "NA"]
[PlyCount "106"]
[EventDate "2018.10.12"]
[EventType "team-tourn"]
[EventCountry "GRE"]
[SourceTitle "playchess.com"]
[Source "ChessBase"]
[SourceQuality "1"]
[WhiteTeam "Thessaloniki"]
[BlackTeam "Mulhouse"]
[TimeControl "40/5400+30:1800+30"]

1. e4 c5 2. Nf3 d6 3. d4 cxd4 4. Nxd4 Nf6 5. Nc3 a6 6. Be3 e5 7. Nb3 Be6 8. Be2 Be7 9. O-O O-O 10. Nd5 Nbd7 11. Qd3 b5 12. Nxf6+ Nxf6 13. f4 Bc4 14. Qd1 Nxe4 15. Bxc4 bxc4 16. Nd2 Nxd2 17. Qxd2 Qc7 18. c3 Rab8 19. Rf2 exf4 20. Bxf4 Qc6 21. Rd1 Rfd8 22. Qd5 Qxd5 23. Rxd5 f6 24. Rfd2 Rb6 25. R5d4 Rc6 26. Kf2 Kf7 27. Kf3 g5 28. Be3 f5 29. Rd1 Bf6 30. Rd5 Ke6 31. Bc1 h5 32. g3 Rh8 33. Ra5 Rg8 34. Be3 h4 35. Re1 g4+ 36. Kg2 h3+ 37. Kf2 Be5 38. Bd4 Rb8 39. Bxe5 Rxb2+ 40. Kg1 dxe5 41. Rexe5+ Kd7 42. Rxf5 Rg2+ 43. Kf1 Rxh2 44. Rad5+ Kc7 45. Rf7+ Kb6 46. a4 Rh1+ 47. Kf2 Re6 48. a5+ Kc6 49. Rc7+ Kxd5 50. Rc5+ Ke4 51. Rxc4+ Kd3 52. Rd4+ Kc2 53. Rd2+ Kxd2 0-1

[Event "23rd European Women Club Cup 2018"]
[Site "Halkidiki"]
[Date "2018.10.14"]
[Round "3"]
[White "Nikolaki, Dimitria"]
[Black "Neuhauser, Salome"]
[Result "0-1"]
[ECO "A48"]
[WhiteElo "1327"]
[BlackElo "2115"]
[Annotator "NA"]
[PlyCount "68"]
[EventDate "2018.10.12"]
[EventType "team-tourn"]
[EventCountry "GRE"]
[SourceTitle "playchess.com"]
[Source "ChessBase"]
[SourceQuality "1"]
[WhiteTeam "Thessaloniki"]
[BlackTeam "Mulhouse"]
[TimeControl "40/5400+30:1800+30"]

1. d4 Nf6 2. Nf3 g6 3. Bf4 Bg7 4. e3 O-O 5. Be2 d6 6. h3 Nbd7 7. O-O Qe8 8. c3 e5 9. dxe5 Nxe5 10. Nbd2 Qe7 11. Bh2 Rd8 12. Qb3 Ned7 13. Nd4 Nc5 14. Qc2 c6 15. Rfd1 Nfe4 16. Nxe4 Nxe4 17. Bf3 Ng5 18. Be2 a6 19. Bf4 Ne6 20. Bh2 d5 21. a3 Re8 22. Re1 Ng5 23. Bg3 Ne4 24. Bf4 c5 25. Nf3 b5 26. Rad1 Bb7 27. Bh2 Rac8 28. a4 Bc6 29. axb5 axb5 30. Nd2 Nxd2 31. Rxd2 d4 32. exd4 cxd4 33. Qc1 Qg5 34. Rdd1 Qxg2# 0-1

[Event "23rd European Women Club Cup 2018"]
[Site "Halkidiki"]
[Date "2018.10.15"]
[Round "4"]
[White "Khotenashvili, Bela"]
[Black "Richard, Emma"]
[Result "1-0"]
[ECO "A46"]
[WhiteElo "2469"]
[BlackElo "2127"]
[Annotator "ChessBase"]
[PlyCount "69"]
[EventDate "2018.10.12"]
[EventType "team-tourn"]
[EventCountry "GRE"]
[SourceTitle "playchess.com"]
[Source "ChessBase"]
[SourceQuality "1"]
[WhiteTeam "Nona"]
[BlackTeam "Mulhouse"]
[TimeControl "40/5400+30:1800+30"]

1. d4 Nf6 2. Nf3 e6 3. Bf4 c5 4. e3 Nc6 5. Nbd2 cxd4 6. exd4 d5 7. c3 Be7 8. Bd3 O-O 9. O-O Nh5 10. Be3 f5 11. Ne5 g6 12. Ndf3 Bd6 13. Bh6 Re8 14. Re1 Qc7 15. Rc1 Nf6 16. c4 Bxe5 17. Nxe5 dxc4 18. Bxc4 Qb6 19. Nxc6 bxc6 20. Bb3 Bd7 21. Bf4 Rad8 22. h3 Nd5 23. Be5 Rf8 24. Rc5 Rf7 25. Qd2 Qb4 26. Qc1 f4 27. Re4 f3 28. g3 Qb6 29. Qh6 Ne7 30. Rf4 Qb4 31. Rc3 Rdf8 32. Rg4 Qa5 33. h4 Nf5 34. Rxg6+ Ng7 35. Rxg7+ 1-0

[Event "23rd European Women Club Cup 2018"]
[Site "Halkidiki"]
[Date "2018.10.15"]
[Round "4"]
[White "Cramling, Pia"]
[Black "Paehtz, Elisabeth"]
[Result "1-0"]
[ECO "D10"]
[WhiteElo "2465"]
[BlackElo "2513"]
[Annotator "ChessBase"]
[PlyCount "71"]
[EventDate "2018.10.12"]
[EventType "team-tourn"]
[EventCountry "GRE"]
[SourceTitle "playchess.com"]
[Source "ChessBase"]
[SourceQuality "1"]
[WhiteTeam "Monte-Carlo"]
[BlackTeam "Pentole Agnelli"]
[TimeControl "40/5400+30:1800+30"]

1. d4 d5 2. c4 c6 3. cxd5 cxd5 4. Bf4 Nc6 5. Nc3 e5 6. dxe5 d4 7. Ne4 Qa5+ 8. Nd2 Nge7 9. Ngf3 Nd5 10. g3 h6 11. h4 Be6 12. Bh3 Be7 13. Kf1 Bxh3+ 14. Rxh3 O-O-O 15. Nb3 Qb6 16. Kg2 Kb8 17. h5 a5 18. Rb1 Rhg8 19. Qd3 Nxf4+ 20. gxf4 a4 21. Nc1 Nb4 22. Qe4 Nd5 23. Rg3 f5 24. exf6 Bxf6 25. Ne5 Qb5 26. Ncd3 Nc3 27. bxc3 Qxb1 28. cxd4 Qxa2 29. Nb4 Qb2 30. d5 Rge8 31. Re3 a3 32. Qc4 Bxe5 33. fxe5 Rxe5 34. Qf4 a2 35. Nxa2 Rdxd5 36. Nc3 1-0

[Event "23rd European Women Club Cup 2018"]
[Site "Halkidiki"]
[Date "2018.10.15"]
[Round "4"]
[White "Ushenina, Anna"]
[Black "Shvayger, Yuliya"]
[Result "0-1"]
[ECO "E92"]
[WhiteElo "2451"]
[BlackElo "2375"]
[Annotator "ChessBase"]
[PlyCount "84"]
[EventDate "2018.10.12"]
[EventType "team-tourn"]
[EventCountry "GRE"]
[SourceTitle "playchess.com"]
[Source "ChessBase"]
[SourceQuality "1"]
[WhiteTeam "Ugra"]
[BlackTeam "Beer Sheva"]
[TimeControl "40/5400+30:1800+30"]

1. Nf3 Nf6 2. c4 g6 3. Nc3 Bg7 4. e4 d6 5. d4 O-O 6. Be2 e5 7. d5 a5 8. Bg5 Na6 9. Nd2 Nc5 10. O-O h6 11. Be3 Nfd7 12. Qc2 b6 13. Rab1 f5 14. exf5 gxf5 15. f4 e4 16. Nb5 Nf6 17. h3 Bd7 18. Nd4 Kh8 19. Rbd1 Qe8 20. Kh2 Qg6 21. Rg1 Rae8 22. Nf1 h5 23. g3 Bh6 24. Kh1 Re7 25. Bf2 Qh7 26. Be3 Rg7 27. Qc3 Na4 28. Qd2 Nc5 29. b3 Rfg8 30. Qc3 Qg6 31. Nh2 Qf7 32. Qe1 Kh7 33. Qf2 Qe7 34. Rg2 Nd3 35. Bxd3 exd3 36. Rdg1 Ne4 37. Qf3 h4 38. gxh4 Qxh4 39. Rxg7+ Rxg7 40. Nf1 Rxg1+ 41. Kxg1 Qe1 42. Bf2 d2 0-1

[Event "23rd European Women Club Cup 2018"]
[Site "Halkidiki"]
[Date "2018.10.15"]
[Round "4"]
[White "Bodnaruk, Anastasia"]
[Black "Injac, Teodora"]
[Result "1/2-1/2"]
[ECO "C11"]
[WhiteElo "2423"]
[BlackElo "2258"]
[Annotator "NA"]
[PlyCount "91"]
[EventDate "2018.10.12"]
[EventType "team-tourn"]
[EventCountry "GRE"]
[SourceTitle "playchess.com"]
[Source "ChessBase"]
[SourceQuality "1"]
[WhiteTeam "SSHOR"]
[BlackTeam "Maribor"]
[TimeControl "40/5400+30:1800+30"]

1. e4 e6 2. d4 d5 3. Nc3 Nf6 4. e5 Nfd7 5. f4 c5 6. Nf3 Nc6 7. Be3 Be7 8. Qd2 O-O 9. dxc5 Bxc5 10. O-O-O Qa5 11. Bxc5 Nxc5 12. h4 Bd7 13. Kb1 Rfd8 14. Qe3 Rac8 15. Nd4 Nxd4 16. Rxd4 Na4 17. Nxa4 Bxa4 $14 18. Bd3 Bb5 19. h5 Bxd3 20. Qxd3 Rc6 21. g4 Rdc8 22. c3 Rc4 23. f5 Qb6 24. Ka1 Qxd4 25. cxd4 Rc1+ 26. Qb1 Rxb1+ 27. Kxb1 Rc4 28. Rd1 g6 29. hxg6 hxg6 30. fxg6 fxg6 31. Rd3 g5 32. b3 Rc7 33. Rh3 Rh7 34. Rc3 Rf7 35. Rc8+ Rf8 36. Rxf8+ Kxf8 37. Kb2 Ke7 38. Kc3 Kd7 39. Kb4 Kc6 40. Ka5 Kc7 41. Kb5 Kd7 42. a4 Kc7 43. Kc5 Kd7 44. a5 Kc7 45. Kb5 Kd7 46. Kc5 1/2-1/2

[Event "23rd European Women Club Cup 2018"]
[Site "Halkidiki"]
[Date "2018.10.15"]
[Round "4"]
[White "Fataliyeva, Ulviyya"]
[Black "Andolfatto, Maria"]
[Result "1-0"]
[ECO "C42"]
[WhiteElo "2320"]
[BlackElo "2068"]
[Annotator "NA"]
[PlyCount "80"]
[EventDate "2018.10.12"]
[EventType "team-tourn"]
[EventCountry "GRE"]
[SourceTitle "playchess.com"]
[Source "ChessBase"]
[SourceQuality "1"]
[WhiteTeam "Odlar Yurdu"]
[BlackTeam "Banca Alpi Marittime"]
[TimeControl "40/5400+30:1800+30"]

1. e4 e5 2. Nf3 Nf6 3. Nxe5 d6 4. Nf3 Nxe4 5. d4 d5 6. Bd3 Bd6 7. O-O O-O 8. c4 c6 9. Qc2 Na6 10. a3 Bg4 11. Ne5 {[%emt 0:04:01] C42: Petroff Defence: 3 Nxe5 and unusual White 3rd moves} Bf5 12. Be3 (12. b4 Nc7 13. f3 Bg6 14. c5 Bxe5 15. dxe5 Ng5 16. Bb2 d4 17. f4 Nd5 18. fxg5 Ne3 {1-0 (42) Anand,V (2767)-Caruana,F (2811) Wijk aan Zee 2018}) 12... c5 13. Nc3 cxd4 14. Bxd4 Bxe5 15. Bxe5 Re8 16. Bg3 $146 ({Predecessor:} 16. cxd5 Rxe5 17. Bxe4 Bxe4 18. Nxe4 Qxd5 {0-1 (37) Mazur,S (2472)-Valsecchi,A (2491) Balatonszarszo 2017}) 16... Nxg3 17. fxg3 Bxd3 18. Qxd3 dxc4 19. Qxc4 Qc7 20. Qa2 Qb6+ 21. Rf2 $11 Qe6 22. Qxe6 Rxe6 23. Rd1 Rae8 24. Nb5 Nc5 25. b4 Na4 26. Rd7 R6e7 27. Rxe7 Rxe7 28. Rc2 g6 29. Nxa7 Kg7 30. Kf2 Kf6 31. Nb5 Nb6 32. Rc5 Rd7 33. g4 h6 34. Nc3 Ke6 35. Ke2 Rd4 36. h3 Rd7 37. a4 Na8 38. Rc8 Nc7 39. Ne4 b6 40. a5 Nd5 1-0